 Dungeon Crawl Stone Soup version 0.31-a0-188-g5e087ee2ca (webtiles) character file.

Game seed: 16925359285286532776

1070 qw the Skirmisher (level 8, 0/45 HPs)
             Began as a Deep Elf Hunter on June 23, 2023.
             Succumbed to an orc's poison
             ... on level 6 of the Dungeon.
             The game lasted 00:01:59 (3881 turns).

qw the Skirmisher (Deep Elf Hunter)                 Turns: 3881, Time: 00:02:00

Health: 0/45       AC: 11    Str: 10    XL:     8   Next: 7%
Magic:  10/10      EV: 14    Int: 15    God:
Gold:   219        SH:  0    Dex: 21    Spells: 7/7 levels left

rFire   . . .        Y - +0 shortbow
rCold   . . .        (shield currently unavailable)
rNeg    . . .        n - +3 leather armour of Wuidioch {Dex+3}
rPois   .            f - +0 helmet
rElec   .            (no cloak)
rCorr   .            (no gloves)
SInv    .            (no boots)
Will    .....        b - amulet of regeneration
Stlth   ++           j - +4 ring of protection
HPRegen 1.07/turn    (no ring)
MPRegen 0.12/turn

%: no passive effects
@: lethally poisoned (0 -> -3)
A: no striking features
a: no special abilities


You were on level 6 of the Dungeon.
You visited 1 branch of the dungeon, and saw 6 of its levels.

You collected 219 gold pieces.


   Skills:
 - Level 2.5 Fighting
 + Level 11.9 Ranged Weapons
 - Level 5.1 Dodging
 - Level 1.2 Stealth


You had 7 spell levels left.
You didn't know any spells.
Your spell library was empty.

Inventory:

Hand Weapons
 Y - a +0 shortbow (weapon)
Armour
 f - a +0 helmet (worn)
 n - the +3 leather armour of Wuidioch (worn) {Dex+3}
   (You found it on level 4 of the Dungeon)

   Dex:       It affects your dexterity (+3).
Jewellery
 b - an amulet of regeneration (around neck)
 j - a +4 ring of protection (left hand)
Scrolls
 a - a scroll of identify
Potions
 c - a potion of haste
 k - 2 potions of enlightenment
 l - a potion of might {unknown}
 m - a potion of brilliance {unknown}

Dungeon Overview and Level Annotations

Branches:
Dungeon (6/15)
 Temple: D:4-7

Altars:
Qazlal

Annotations:
D:5 1 runed translucent door, qw's ghost, novice DEHu


Message History

Deactivating autopickup; reactivate with Ctrl-A.
The hound misses you.
You feel very sick. The hound bites you but does no damage.
The orc barely misses you. The orc hits you but does no damage.
You are more poisoned.
Something hits you but does no damage.
You feel less confused.
You feel very sick. The hound closely misses you.
The orc hits you but does no damage. x2
You are more poisoned.
A wight comes into view. It is wielding a +0 trident.
Something hits you but does no damage. The hound completely misses you.
You shoot an arrow. The arrow hits the hound.
You kill the hound!
You feel very sick. The orc hits you but does no damage.
You hear some strange, mumbled words.
A puff of flame appears from out of thin air!
The puff of flame hits you. The orc barely misses you.
You shoot an arrow.
The arrow hits the orc but does no damage.
You feel very sick. The orc closely misses you.
Something hits you but does no damage. The orc misses you.
You shoot an arrow. The arrow hits the orc.
The orc is moderately wounded.
You feel sick.
The orc hits you with a +2 hand axe of electrocution.
The orc completely misses you. Something hits you but does no damage.
You shoot an arrow. The arrow hits the orc!
You kill the orc!
You feel very sick. The orc misses you. Something barely misses you.
You shoot an arrow. The arrow hits the orc!
You kill the orc!
You feel sick.
You shoot an arrow. The arrow hits the wight.
The wight is moderately damaged.
You die...

#..........#
#..........# #
#..........# .#
#..........# #!#
#.......<..####..#
#.......##.##...#
#.......##.##..>##
#.......##...)...####
#...........@{.......
#...........).z..##.
#......)#.......z####..
........#.####.#.......
........#.# #.......>.
.....#.#..# #.........
...#.....## #)).......
..#..... .)...#....
.... ....... h..


You could see 2 wights.

Vanquished Creatures
  An ice beast (D:5)
  A gnoll sergeant (D:6)
  4 scorpions
  A howler monkey (D:5)
  A jelly (D:5)
  4 orc priests
  3 hounds
  2 orc wizards
  2 iguanas
  14 gnolls
  8 adders
  3 worms
  3 dart slugs
  15 orcs
  6 ball pythons
  7 endoplasms
  A giant cockroach (D:2)
  8 goblins
  3 hobgoblins
  4 kobolds
  2 quokkas (D:1)
  5 bats
  A frilled lizard (D:1)
  11 rats
110 creatures vanquished.

Notes
Turn   | Place    | Note
-------+----------+-------------------------------------------
     0 | D:1      | qw the Deep Elf Hunter began the quest for the Orb.
     0 | D:1      | Reached XP level 1. HP: 12/12 MP: 3/3
     0 | D:1      | 0 ||| qw: Version: 0.3-a-9-g12657ce
     0 | D:1      | 0 ||| qw: Game counter: 3477
     0 | D:1      | 0 ||| qw: Always use a shield: true
     0 | D:1      | 0 ||| qw: God list: Okawaru
     0 | D:1      | 0 ||| qw: Allow faded altars: false
     0 | D:1      | 0 ||| qw: Do Orc after D:15 true
     0 | D:1      | 0 ||| qw: Do second Lair branch before Depths: true
     0 | D:1      | 0 ||| qw: Lair rune preference: random
     0 | D:1      | 0 ||| qw: Plans: Normal
     0 | D:1      | 0 ||| PLANNING D:1-11
   142 | D:1      | Reached skill level 6 in Ranged Weapons
   142 | D:1      | Reached XP level 2. HP: 16/16 MP: 4/4
   557 | D:1      | 557 ||| UPGRADING to +0 helmet.
   562 | D:1      | 562 ||| READING 2 scrolls labelled SUQELUR XUGU.
   563 | D:1      | 563 ||| READING scroll labelled JICRINLEEDE.
   566 | D:1      | 566 ||| DROPPING scroll of butterflies.
   597 | D:2      | 597 ||| STAIRDANCE
   601 | D:2      | 601 ||| STAIRDANCE
   601 | D:2      | HP: 4/16 [goblin/sling bullet (1)]
   654 | D:2      | 654 ||| STAIRDANCE
   667 | D:2      | 667 ||| STAIRDANCE
   806 | D:2      | Reached XP level 3. HP: 15/20 MP: 5/5
   898 | D:2      | Reached skill level 7 in Ranged Weapons
   900 | D:2      | HP: 4/20 [gnoll/+0 spear (5)]
   903 | D:2      | HP: 1/20 [gnoll/+0 club (4)]
   907 | D:2      | Reached XP level 4. HP: 2/25 MP: 6/6
  1230 | D:2      | 1230 ||| UPGRADING to +4 ring of protection.
  1231 | D:2      | 1231 ||| READING scroll labelled DOTAEBLERY.
  1232 | D:2      | 1232 ||| READING scroll labelled GONNEG VOCUHI.
  1233 | D:2      | 1233 ||| READING scroll labelled LINA OXISHI.
  1234 | D:2      | 1234 ||| READING scroll labelled DOOFIR BUSK.
  1236 | D:2      | 1236 ||| Stepping ~*~*~tactically~*~*~ (cloud).
  1244 | D:2      | HP: 6/25 [poisoned by you (poison gas)]
  1387 | D:3      | Reached skill level 8 in Ranged Weapons
  1472 | D:3      | Reached XP level 5. HP: 28/29 MP: 7/7
  1483 | D:3      | Reached skill level 9 in Ranged Weapons
  1749 | D:3      | Reached skill level 3 in Dodging
  2260 | D:3      | 2260 ||| UPGRADING to +0 ring mail.
  2270 | D:3      | 2270 ||| DROPPING +0 leather armour.
  2271 | D:3      | 2271 ||| READING scroll labelled JOREDW ENIDWO.
  2327 | D:3      | 2327 ||| READING 5 scrolls of identify.
  2327 | D:3      | 2327 ||| IDENTIFYING red potion
  2328 | D:3      | 2328 ||| READING 4 scrolls of identify.
  2328 | D:3      | 2328 ||| IDENTIFYING lumpy clear potion
  2329 | D:3      | 2329 ||| READING 3 scrolls of identify.
  2329 | D:3      | 2329 ||| IDENTIFYING orange potion
  2330 | D:3      | 2330 ||| READING 2 scrolls of identify.
  2330 | D:3      | 2330 ||| IDENTIFYING bubbling sapphire potion
  2331 | D:3      | 2331 ||| DROPPING potion of degeneration.
  2362 | D:4      | Reached XP level 6. HP: 36/36 MP: 8/8
  2586 | D:4      | Identified the +3 leather armour of Wuidioch {Dex+3}
  2876 | D:4      | 2876 ||| DROPPING scarf of shadows.
  2877 | D:4      | 2877 ||| UPGRADING to +3 leather armour of Wuidioch
                  | {Dex+3}.
  2887 | D:4      | 2887 ||| DROPPING +0 ring mail.
  2888 | D:4      | 2888 ||| READING scroll labelled KUEKHE WORETO.
  2889 | D:4      | 2889 ||| READING scroll labelled MEVAKHL QOTH.
  2895 | D:5      | Entered Level 5 of the Dungeon
  2895 | D:5      | Noticed an ice beast
  2903 | D:5      | Killed an ice beast
  2904 | D:5      | Reached skill level 10 in Ranged Weapons
  2933 | D:5      | Reached XP level 7. HP: 40/40 MP: 9/9
  2944 | D:5      | Found a stormy altar of Qazlal.
  2994 | D:5      | 2994 ||| DRINKING potion of curing.
  2994 | D:5      | 2994 ||| (to cure confusion)
  2994 | D:5      | HP: 6/40 [orc priest/divine providence (14)]
  2995 | D:5      | 2995 ||| READING scroll of teleportation.
  2996 | D:5      | 2996 ||| DRINKING potion of heal wounds.
  3001 | D:5      | 3001 ||| FLEEEEING.
  3002 | D:5      | 3002 ||| FLEEEEING.
  3003 | D:5      | 3003 ||| FLEEEEING.
  3004 | D:5      | 3004 ||| FLEEEEING.
  3005 | D:5      | 3005 ||| FLEEEEING.
  3006 | D:5      | 3006 ||| FLEEEEING.
  3007 | D:5      | 3007 ||| FLEEEEING.
  3008 | D:5      | 3008 ||| STAIRDANCE
  3063 | D:4      | 3063 ||| READING scroll labelled KEFAVV XIURIYCWY.
  3073 | D:5      | 3073 ||| STAIRDANCE
  3083 | D:4      | HP: 10/40 [poisoned by a scorpion]
  3213 | D:5      | Reached skill level 11 in Ranged Weapons
  3295 | D:5      | Found a runed translucent door.
  3296 | D:5      | Noticed qw's ghost (novice DEHu)
  3296 | D:5      | Noticed a two-headed ogre
  3673 | D:5      | 3673 ||| READING 3 scrolls of identify.
  3673 | D:5      | 3673 ||| IDENTIFYING murky clear potion
  3674 | D:5      | 3674 ||| READING 2 scrolls of identify.
  3674 | D:5      | 3674 ||| IDENTIFYING silvery potion
  3675 | D:5      | 3675 ||| DROPPING potion of attraction.
  3720 | D:6      | Reached XP level 8. HP: 38/45 MP: 10/10
  3736 | D:6      | 3736 ||| FLEEEEING.
  3737 | D:6      | 3737 ||| FLEEEEING.
  3739 | D:6      | 3739 ||| FLEEEEING.
  3740 | D:6      | 3740 ||| FLEEEEING.
  3741 | D:6      | 3741 ||| FLEEEEING.
  3742 | D:6      | 3742 ||| FLEEEEING.
  3743 | D:6      | 3743 ||| FLEEEEING.
  3745 | D:6      | 3745 ||| STAIRDANCE
  3841 | D:5      | 3841 ||| UPGRADING to amulet of regeneration.
  3877 | D:6      | HP: 9/45 [poisoned by an orc]
  3878 | D:6      | HP: 4/45 [orc/+2 hand axe of electrocution (4)]
  3880 | D:6      | HP: 1/45 [poisoned by an orc]
  3881 | D:6      | Succumbed to an orc's poison

Levels and vault maps discovered:
D:1:      minmay_arrival_stair_chambers, layout_loops_ring
D:2:      layout_rooms, hangedman_decor_push
D:3:      layout_basic
D:4:      layout_cave_pools
D:5:      layout_cave_pools, nicolae_qazlal_eye_of_the_storm,
          ebering_ghost_inner_flame
D:6:      layout_rooms, nicolae_vehumet_radiance

Skill      XL: |  1  2  3  4  5  6  7 |
---------------+----------------------+-----
Ranged Weapons | 6 7 8 9 10 11 | 11.9
Dodging        | 3 4 5 |  5.1
Fighting       | 2 |  2.5
Stealth        | |  1.2

Action                     |  1- 3 |  4- 6 |  7- 9 || total
---------------------------+-------+-------+-------++-------
   Fire: Shortbow          |    90 |   225 |   124 ||   439
    Use: Scroll            |     2 |    11 |     4 ||    17
         Potion            |       |       |     2 ||     2
 Armour: Leather armour    |     7 |    21 |    31 ||    59
         Ring mail         |       |    14 |       ||    14
  Dodge: Dodged            |    20 |    54 |    37 ||   111

Table legend:
 A = Non-vault XP
 B = Vault XP
 C = Vault XP percentage of total XP
 D = Non-vault monster count
 E = Vault monster count
 F = Vault count percentage of total count
                 A         B        C        D         E       F
            +---------+---------+-------+---------+---------+-------
      Total |    1529 |       0 |   0.0 |     110 |       0 |   0.0
            +---------+---------+-------+---------+---------+-------
        D:1 |      29 |       0 |   0.0 |      18 |       0 |   0.0
        D:2 |      85 |       0 |   0.0 |      19 |       0 |   0.0
        D:3 |     222 |       0 |   0.0 |      27 |       0 |   0.0
        D:4 |     295 |       0 |   0.0 |      19 |       0 |   0.0
        D:5 |     707 |       0 |   0.0 |      19 |       0 |   0.0
        D:6 |     191 |       0 |   0.0 |       8 |       0 |   0.0
            +---------+---------+-------+---------+---------+-------
